 Dungeon Crawl Stone Soup version 0.29-a0-352-g0917bc69df (webtiles) character file.

Game seed: 6102347592929347810

5833 quokkamancerX the Basher (level 10, -10/138 HPs)
             Began as a Naga Berserker on Apr 24, 2022.
             Was a Believer of Trog.
             Mangled by a yak (12 damage)
             ... on level 8 of the Dungeon.
             The game lasted 00:59:43 (11903 turns).

quokkamancerX the Basher (Naga Berserker)          Turns: 11903, Time: 00:59:45

Health: -10/138    AC: 10    Str: 23    XL:     10   Next: 80%
Magic:  10/10      EV:  3    Int:  7    God:    Trog [**....]
Gold:   459        SH:  8    Dex: 12    Spells: 9/9 levels left

rFire   . . .      SeeInvis +   o - +0 morningstar
rCold   . . .      Faith    .   r - +2 kite shield
rNeg    . . .      Spirit   .   x - +0 plate armour
rPois   +          Reflect  .   f - +0 helmet
rElec   .          Harm     .   (no cloak)
rCorr   .          Rampage  .   (no gloves)
Will    ++...                   (no barding)
Stlth   ..........              (no amulet)
HPRegen 0.33/turn               g - ring of willpower
MPRegen 0.12/turn               (no ring)

@: berserking (expiring), quick
A: AC +3, large, see invisible, deformed body, poison resistance, slowness 2,
spit poison 1, naga tail 1
a: Spit Poison, Renounce Religion, Berserk, Trog's Hand


You were on level 8 of the Dungeon.
You worshipped Trog.
Trog was pleased with you.
You visited 1 branch of the dungeon, and saw 9 of its levels.

You collected 459 gold pieces.

Inventory:

Hand Weapons
 o - a +0 morningstar (weapon)
Missiles
 j - 21 poisoned darts
 q - 2 javelins
Armour
 f - a +0 helmet (worn)
 r - a +2 kite shield (worn)
 x - a +0 plate armour (worn)
Jewellery
 c - a ring of ice
 e - a ring of ice
 g - a ring of willpower (left hand)
Wands
 p - a wand of polymorph (20)
 B - a wand of charming (13)
 D - a wand of flame (5)
 E - a wand of mindburst (5)
Scrolls
 m - a scroll of fear
 w - 2 scrolls of magic mapping
Potions
 a - 2 potions of heal wounds
 b - 3 potions of lignification
 d - 2 potions of degeneration {unknown}
 h - a potion of mutation {unknown}
 i - 4 potions of attraction
 k - 2 potions of haste {unknown}
 l - 6 potions of curing
 n - a potion of might {unknown}
 s - 2 potions of flight {unknown}
 u - 2 potions of cancellation {unknown}
 v - a potion of brilliance {unknown}
 z - a potion of berserk rage {unknown}


   Skills:
 + Level 6.4 Fighting
 + Level 14.9 Maces & Flails
 - Level 1.5 Armour
 - Level 1.5 Dodging


You had 9 spell levels left.
You didn't know any spells.
Your spell library was empty.

Dungeon Overview and Level Annotations

Branches:
Dungeon (9/15)             Temple (0/1) D:6            Lair (0/6) D:8
    Orc: D:9-12

Altars:
Nemelex Xobeh
Sif Muna
Xom

Shops:
D:2 =

Annotations:
D:9 Gastronok


Innate Abilities, Weirdness & Mutations

Your serpentine skin is tough. (AC +3)
You have supernaturally acute eyesight. (SInv)
Armour fits poorly on your strangely shaped body.
Your system is resistant to poisons. (rPois)
You cover ground very slowly.
You can spit poison.
You have a snake-like lower body.


Message History

You block the yak's attack. x2
A mysterious force pulls you upwards. The hatch slams shut behind you.
A red film seems to cover your vision as you go berserk!
You feel yourself moving faster!
You feel mighty!
You block the centaur's attack. x2; The centaur hits you.
The centaur barely misses you. The yak gores you! The yak gores you.
The yak gores you but does no damage. The yak gores you!
* * * LOW HITPOINT WARNING * * *
You completely miss the centaur.
The centaur hits you but does no damage.
You block the centaur's attack.
You hit the centaur.
The centaur is moderately wounded.
You block the yak's attack. The yak gores you but does no damage.
The yak gores you!
* * * LOW HITPOINT WARNING * * *
The yak gores you.
* * * LOW HITPOINT WARNING * * *
The centaur hits you.
* * * LOW HITPOINT WARNING * * *
The centaur kicks you but does no damage.
You thump the yak!
The yak is moderately wounded.
You block the yak's attack. x2
The centaur hits you but does no damage.
The centaur kicks you but does no damage.
The yak gores you!
* * * LOW HITPOINT WARNING * * *
You block the yak's attack.
You bludgeon the yak!!
The yak is almost dead.
You block the centaur's attack.
The centaur kicks you but does no damage.
You sock the yak!
You kill the yak!
Trog accepts your kill. The yak gores you.
* * * LOW HITPOINT WARNING * * *
The yak gores you!
You die...

...).)..........# #....#
####............##############.#
#.#.....................# #.#
##......########.........# #.#
...#.##.# #.........# #.#
.###.##.########.........# #.#
)# #.........))))........#####.#
.######.########YY.......##....#
.....<#........#@Y.......##.####
.#############.#†c.......##.#
.#...).....# #.#.........##.#
.#....####.# #.#.........##.#
.#.##.# #.###.#.........##.#
.#.##.# #.....#######'####.#
.o....# ####..........# #.#
.#.#..#######.#############.#
.###.......#................#


You could see 3 yaks and a centaur.

Vanquished Creatures
  An elephant (D:8)
  Joseph (D:8)
  A gargoyle (D:8)
  Psyche (D:8)
  A troll (D:7)
  Prince Ribbit (D:6)
  2 wyverns (D:8)
  2 yaks (D:8)
  A basilisk (D:8)
  Eustachio (D:6)
  2 water moccasins
  3 sky beasts (D:7)
  2 ice beasts
  4 black bears
  An ogre (D:7)
  3 centaurs
  A phantom (D:5)
  3 kobold brigands
  4 bullfrogs
  A gnoll sergeant (D:8)
  3 necrophages
  8 wights
  A jelly (D:5)
  7 hounds
  An orc priest (D:8)
  3 iguanas
  Terence (D:2)
  8 orc wizards
  Natasha (thrice) (D:3)
  5 gnolls (D:8)
  7 adders
  3 shadow imps
  A white imp (D:7)
  An ufetubus (D:5)
  A worm (D:5)
  5 dart slugs
  37 orcs
  9 ball pythons
  5 endoplasms
  3 giant cockroaches
  9 goblins
  9 hobgoblins
  9 jackals
  2 quokkas
  6 bats
  6 frilled lizards
  10 kobolds
  6 rats
205 creatures vanquished.

Vanquished Creatures (others)
  A fungus (D:8)
  6 plants
7 creatures vanquished.

Grand Total: 212 creatures vanquished

Notes
Turn   | Place    | Note
-------+----------+-------------------------------------------
     0 | D:1      | quokkamancerX the Naga Berserker began the quest for the
                  | Orb.
     0 | D:1      | Reached XP level 1. HP: 21/21 MP: 1/1
   347 | D:1      | Reached XP level 2. HP: 9/28 MP: 2/2
   867 | D:1      | Reached skill level 4 in Maces & Flails
   900 | D:1      | Reached XP level 3. HP: 29/34 MP: 3/3
  1584 | D:2      | Reached XP level 4. HP: 41/42 MP: 4/4
  1600 | D:2      | Found Onlaamn's Jewellery Emporium.
  1923 | D:2      | Reached ** piety under Trog
  1925 | D:2      | Reached skill level 5 in Maces & Flails
  2044 | D:2      | Noticed Terence
  2052 | D:2      | Killed Terence
  2215 | D:2      | Reached XP level 5. HP: 16/49 MP: 5/5
  2752 | D:3      | Found a shimmering altar of Xom.
  2928 | D:3      | Found a faded altar of an unknown god.
  3092 | D:3      | Reached skill level 6 in Maces & Flails
  3633 | D:3      | Noticed Natasha
  3640 | D:3      | Killed Natasha
  3934 | D:3      | Found a shimmering altar of Xom.
  3992 | D:3      | Noticed Natasha
  3995 | D:3      | Killed Natasha
  4050 | D:3      | Found a faded altar of an unknown god.
  4083 | D:3      | Noticed Natasha
  4095 | D:3      | Killed Natasha
  4096 | D:3      | Reached XP level 6. HP: 34/56 MP: 6/6
  4480 | D:4      | Noticed a black bear
  4491 | D:4      | Killed a black bear
  4492 | D:4      | Reached skill level 7 in Maces & Flails
  4829 | D:4      | Found a shimmering blue altar of Sif Muna.
  5004 | D:5      | Entered Level 5 of the Dungeon
  5026 | D:5      | Reached XP level 7. HP: 62/62 MP: 7/7
  5165 | D:5      | Reached skill level 8 in Maces & Flails
  5830 | D:5      | Reached skill level 9 in Maces & Flails
  6273 | D:6      | Reached XP level 8. HP: 68/69 MP: 8/8
  6367 | D:6      | Noticed Prince Ribbit
  6395 | D:6      | Killed Prince Ribbit
  6396 | D:6      | Reached skill level 10 in Maces & Flails
  6859 | D:6      | Found a staircase to the Ecumenical Temple.
  7059 | D:6      | Reached skill level 11 in Maces & Flails
  7399 | D:6      | Noticed Eustachio
  7409 | D:6      | Killed Eustachio
  7410 | D:6      | Reached XP level 9. HP: 75/75 MP: 9/9
  7822 | D:7      | Reached skill level 12 in Maces & Flails
  8141 | D:7      | Noticed a troll
  8476 | D:7      | Reached skill level 13 in Maces & Flails
  8500 | D:7      | Killed a troll
  8896 | D:7      | Reached XP level 10. HP: 30/78 MP: 10/10
  9596 | D:8      | Reached skill level 14 in Maces & Flails
 10457 | D:8      | Noticed an elephant
 10466 | D:8      | Killed an elephant
 10674 | D:8      | Reached skill level 5 in Fighting
 10837 | D:8      | Noticed Joseph
 10857 | D:8      | Killed Joseph
 10951 | D:8      | Noticed Psyche
 11250 | D:8      | Found a staircase to the Lair.
 11366 | D:8      | Noticed a gargoyle
 11377 | D:8      | Killed a gargoyle
 11779 | D:8      | Killed Psyche
 11818 | D:9      | Noticed Gastronok
 11819 | D:9      | Noticed a centaur warrior
 11826 | D:9      | Found a sparkling altar of Nemelex Xobeh.
 11901 | D:8      | HP: 3/138 [yak (12)]
 11903 | D:8      | Mangled by a yak

Illustrated notes

Levels and vault maps discovered:
D:1:      roderic_octagonal_star, layout_rooms
D:2:      layout_basic, serial_shops, shop_statue, guppyfry_early_orc_mine,
          uniq_terence
D:3:      layout_loops_ring, lemuel_crystal_altar,
          shapermc_ecumenical_altar_ellora, uniq_natasha
D:4:      layout_loops_cross, led_sif_pool
D:5:      layout_basic
D:6:      layout_basic, minmay_temple_entry_tees, uniq_prince_ribbit1,
          uniq_eustachio
D:7:      minmay_clustersquares, layout_cave_pools,
          kennysheep_opposing_triangles
D:8:      layout_basic, david_lair_generic, uniq_joseph, uniq_psyche
D:9:      layout_big_octagon, nemelex_xobeh_ov_fountains_minmay,
          mainiacjoe_overflow_alcove_4, slow_altar_1, uniq_gastronok

Skill      XL: |  1  2  3  4  5  6  7  8  9 10 |
---------------+-------------------------------+-----
Maces & Flails | 4 5 6 7 9 11 13 14 | 14.9
Fighting       | 6 |  6.4
Armour         | |  1.5
Dodging        | |  1.5

Action                   |  1- 3 |  4- 6 |  7- 9 | 10-12 || total
-------------------------+-------+-------+-------+-------++-------
Melee: Mace              |    17 |       |       |       ||    17
       Whip              |    68 |    36 |       |       ||   104
       Punch             |     1 |     1 |       |       ||     2
       Morningstar       |       |   133 |   260 |   166 ||   559
Throw: Javelin           |       |       |     2 |       ||     2
Invok: Berserk           |     1 |     5 |    13 |     9 ||    28
 Abil: Spit Poison       |    14 |    10 |    23 |    12 ||    59
  Use: Scroll            |       |     2 |     1 |    10 ||    13
       Potion            |       |       |       |     1 ||     1
Armor: Animal skin       |     1 |       |       |       ||     1
       Chain mail        |    16 |    12 |       |       ||    28
       Scale mail        |       |    69 |     2 |       ||    71
       Plate armour      |       |       |   138 |    90 ||   228
Dodge: Dodged            |    32 |    71 |    21 |    17 ||   141
Block: Kite shield       |       |    23 |   108 |    90 ||   221

Table legend: (Time is in decaauts)
 A = Elapsed time spent in this place.
 B = Non-inter-level travel time spent in this place.
 C = Inter-level travel time spent in this place.
 D = Time resting spent in this place.
 E = Time spent auto-exploring this place.
 F = Levels seen in this place.
 G = Mean time per level.
                   A        B        C        D        E       F      G
               +--------+--------+--------+--------+--------+-----+--------+
         Total |  14680 |  14319 |    361 |   4703 |   1678 |   9 | 1631.1 |
       Dungeon |  14680 |  14319 |    361 |   4703 |   1678 |   9 | 1631.1 |
               +--------+--------+--------+--------+--------+-----+--------+

Top non-repeatable levels by time:
     D:8: 2864 daAuts
     D:7: 2154 daAuts
     D:3: 1993 daAuts
     D:2: 1728 daAuts
     D:6: 1656 daAuts
     D:1: 1551 daAuts
     D:5: 1510 daAuts
     D:4: 1123 daAuts
     D:9: 98 daAuts
